 Dungeon Crawl Stone Soup version 0.28.0-53-g5a82cb258f (webtiles) character file.

Game seed: 5163158560038082489

504 mcbry74 the Cudgeller (level 7, -6/59 HPs)
             Began as a Hill Orc Fighter on July 8, 2022.
             Was a Believer of Kikubaaqudgha.
             Mangled by a yak (11 damage)
             ... on level 4 of the Dungeon.
             The game lasted 00:10:00 (4401 turns).

mcbry74 the Cudgeller (Hill Orc Fighter)            Turns: 4401, Time: 00:10:00

Health: -6/59      AC:  8    Str: 21    XL:     7   Next: 17%
Magic:  7/7        EV: 10    Int: 10    God:    Kikubaaqudgha [**....]
Gold:   171        SH:  4    Dex: 10    Spells: 5/6 levels left

rFire   . . .      SeeInvis .   p - +0 morningstar
rCold   . . .      Faith    .   c - +0 buckler
rNeg    + . .      Spirit   .   k - +2 leather armour of Wakeil {rN+ Str+2}
rPois   .          Reflect  .   m - +0 helmet
rElec   .          Harm     .   (no cloak)
rCorr   .          Rampage  .   i - +0 pair of gloves
Will    .....                   (no boots)
Stlth   +.........              (no amulet)
HPRegen 0.19/turn               (no ring)
MPRegen 0.10/turn               (no ring)

@: no status effects
A: no striking features
a: Renounce Religion, Receive Corpses


You were on level 4 of the Dungeon.
You worshipped Kikubaaqudgha.
Kikubaaqudgha was pleased with you.
You visited 1 branch of the dungeon, and saw 5 of its levels.

You collected 171 gold pieces.

Inventory:

Hand Weapons
 a - a +0 flail
 l - a +0 lajatang
 o - a +0 battleaxe
 p - a +0 morningstar (weapon)
Armour
 b - a +0 scale mail
 c - a +0 buckler (worn)
 i - a +0 pair of gloves (worn)
 k - the +2 leather armour of Wakeil (worn) {rN+ Str+2}
   (You found it on level 2 of the Dungeon)

   Str:       It affects your strength (+2).
   rN:        It protects you from negative energy.
 m - a +0 helmet (worn)
 r - a +1 ring mail of positive energy
Magical Staves
 h - a staff of poison
Scrolls
 g - a scroll of immolation
 n - 3 scrolls of torment
 q - 2 scrolls of vulnerability
Potions
 d - a potion of might
 e - a potion of brilliance
 f - a potion of heal wounds
 j - a potion of attraction
 t - 2 potions of curing {unknown}
 v - a potion of degeneration {unknown}


   Skills:
 - Level 4.0 Fighting
 * Level 5.7 Maces & Flails
 + Level 5.1 Armour
 - Level 4.0 Shields
 + Level 2.9 Necromancy


You had 5 spell levels left.
You knew the following spells:

 Your Spells              Type           Power      Damage    Failure   Level
a - Pain                  Necr           20%        1d5       17%         1

Your spell library contained the following spells:

 Spells                   Type           Power      Damage    Failure   Level
 Animate Skeleton         Necr           10%        N/A       17%         1
 Sublimation of Blood     Necr           5%         N/A       26%         2
 Summon Guardian Golem    Hex/Summ       0%         N/A       86%         3
 Agony                    Necr           5%         N/A       99%         5
 Orb of Destruction       Conj           0%         9d5       100%        7
 Spellforged Servitor     Conj/Summ      0%         N/A       100%        7


Dungeon Overview and Level Annotations

Branches:
Dungeon (5/15)
 Temple: D:4-7

Altars:
Kikubaaqudgha

Annotations:
D:5 2 transporters, MisterFreud's ghost, weakling GnDe


Message History

Kikubaaqudgha accepts your kill.
Your Armour skill increases to level 5!
You have reached level 7!
You impale the yak!!
The yak is heavily wounded.
The yak gores you! The yak barely misses you.
You closely miss the yak.
The yak is heavily wounded.
The yak gores you!
* * * LOW HITPOINT WARNING * * *
Okay, then.
MisterFreud's ghost turns its malevolent gaze towards you.
Found 21 stones.
MisterFreud's ghost whispers, "Be very very quiet, I'm hunting Hill Orcs."
There is an open door here.
There is an open door here.
There is an open door here.
You feel a little less mighty now.
There is a stone staircase leading up here.
The yak closely misses you.
You climb upwards.
There is a stone staircase leading down here.
You barely miss the yak. You block the yak's attack.
You closely miss the yak. The yak closely misses you.
You sock the yak!
The yak is moderately wounded.
The yak gores you but does no damage.
You barely miss the yak.
The yak is moderately wounded.
The yak barely misses you. The yak gores you!
* * * LOW HITPOINT WARNING * * *
You sock the yak!
The yak is severely wounded.
The yak gores you!
* * * LOW HITPOINT WARNING * * *
You hit the yak but do no damage.
The yak is severely wounded.
The yak gores you!
You die...
Kikubaaqudgha rasps: "You have failed me!
Welcome... death!"

#### #### ######.@#
#..# ##.....Y.# #..#
## #..#####.# #..# .#
#####.## #.## ###..#
.####.....#
#..####....#
)..)....###
##.##...##.#
..##....######
#.##.####.# #
..#####......####.#..#
#.# ## .)##
##............#####.#
#.


You could see a yak.

Vanquished Creatures
  A yak (D:5)
  A centaur (D:4)
  A jelly (D:4)
  2 orc wizards
  3 gnolls (D:4)
  6 adders
  4 worms
  An adder skeleton (D:4)
  A dart slug (D:3)
  12 orcs
  7 bats
  2 endoplasms
  A giant cockroach (D:2)
  7 goblins
  6 hobgoblins
  6 kobolds
  3 quokkas
  9 ball pythons
  6 frilled lizards
  3 rats
82 creatures vanquished.

Notes
Turn   | Place    | Note
-------+----------+-------------------------------------------
     0 | D:1      | mcbry74 the Hill Orc Fighter began the quest for the Orb.
     0 | D:1      | Reached XP level 1. HP: 19/19 MP: 1/1
   249 | D:1      | Reached XP level 2. HP: 27/27 MP: 2/2
   419 | D:1      | Found a faded altar of an unknown god.
   436 | D:1      | Prayed at the altar of an unknown god.
   436 | D:1      | Became a worshipper of Kikubaaqudgha
   436 | D:1      | Reached * piety under Kikubaaqudgha
   436 | D:1      | Received a gift from Kikubaaqudgha
   924 | D:2      | Reached XP level 3. HP: 33/33 MP: 3/3
  1097 | D:2      | Identified the +2 leather armour of Wakeil {rN+ Str+2}
  1659 | D:2      | Learned a level 1 spell: Pain
  1763 | D:2      | Reached XP level 4. HP: 38/40 MP: 4/4
  2059 | D:3      | Reached ** piety under Kikubaaqudgha
  2060 | D:3      | Reached skill level 1 in Necromancy
  2294 | D:3      | Reached XP level 5. HP: 46/46 MP: 5/5
  3186 | D:4      | Noticed a centaur
  3196 | D:4      | Killed a centaur
  3197 | D:4      | Reached XP level 6. HP: 20/52 MP: 6/6
  3732 | D:4      | Reached skill level 5 in Maces & Flails
  4255 | D:5      | Entered Level 5 of the Dungeon
  4289 | D:5      | Found a transporter.
  4289 | D:5      | Noticed MisterFreud's ghost (weakling GnDe)
  4289 | D:5      | Identified the +9 great mace "Wafat" {vorpal, Will+}
  4290 | D:5      | Found a transporter.
  4331 | D:5      | Noticed a yak
  4331 | D:5      | Noticed a yak
  4332 | D:5      | Noticed a yak
  4332 | D:5      | Noticed a yak
  4333 | D:5      | Noticed a yak
  4334 | D:5      | Noticed a yak
  4339 | D:5      | Killed a yak
  4340 | D:5      | Reached skill level 5 in Armour
  4340 | D:5      | Reached XP level 7. HP: 41/59 MP: 7/7
  4401 | D:4      | Mangled by a yak

Illustrated notes

Levels and vault maps discovered:
D:1:      eino_arrival_water_star, layout_basic,
          ebering_ecumenical_altar_sacrificial, st_stairs_3
D:2:      layout_loops_corners
D:3:      layout_loops_ring
D:4:      layout_rooms
D:5:      layout_gridville, gammafunk_ghost_smash

Skill      XL: |  1  2  3  4  5  6 |
---------------+-------------------+-----
Fighting       | 4 |  4.0
Maces & Flails | 3 4 5 |  5.7
Armour         | 4 5 |  5.1
Shields        | 4 |  4.0
Necromancy     | 1 2 |  2.9

Action                   |  1- 3 |  4- 6 |  7- 9 || total
-------------------------+-------+-------+-------++-------
Melee: Flail             |   104 |    14 |       ||   118
       Morningstar       |       |   132 |     8 ||   140
  Use: Scroll            |       |     8 |       ||     8
       Potion            |       |     1 |       ||     1
Armor: Scale mail        |    32 |       |       ||    32
       Leather armour    |    16 |    73 |     1 ||    90
Dodge: Dodged            |    43 |    70 |     4 ||   117
Block: Buckler           |    21 |    30 |     1 ||    52
